AoeStats
← pedro s

Arabia

504547136Analyzed
1v1 RM · 26d ago on Sep 5, 2026· 38m 25s· 2 players
Game mode
Random Map
Map size
Tiny (2 player)
Population
200
Speed
Normal
Resources
Standard
Victory
Conquest
Starting age
Dark Age
Ending age
Imperial Age
RankedLock teamsTeams togetherTeam positionsShared explorationLock speedFull tech treeHidden civsTurbo modeCheats
Victory
Defeat
🇦🇷 Mongols · Argentina
1078
+17
🇧🇷 Burgundians · Brazil
1098
-17
LucianoDaniel
6:44 Loom
9:08 Feudal Age
9:44 Double-Bit Axe
15:03 Wheelbarrow
18:55 Castle Age
17:28 Gold Mining
17:19 Horse Collar
17:59 Bloodlines
18:36 Scale Barding Armor
19:28 Forging
25:11 Husbandry
26:14 Stone Mining
33:46 Hand Cart
34:28 Fletching
38:26 Bow Saw
38:17 Heavy Plow
pedro s
8:15 Loom
10:39 Feudal Age
10:15 Double-Bit Axe
17:14 Wheelbarrow
21:16 Castle Age
20:15 Fletching
20:25 Padded Archer Armor
20:47 Gold Mining
21:59 Scale Barding Armor
22:04 Forging
21:46 Crossbowman
32:51 Squires
32:56 Pikeman
Connection lost

Rejoining the realm…

Still unreachable

The connection could not be restored.

Session expired

The server has moved on; the page needs a fresh start.